 Dungeon Crawl Stone Soup version 0.29-a0-1043-g569b05d6ff (webtiles) character file.

Game seed: 486642632892439534

498 jfcaron the Skirmisher (level 7, -5/56 HPs)
             Began as a Gnoll Hunter on Aug 15, 2022.
             Splashed by a jelly's acid (9 damage)
             ... on level 3 of the Dungeon.
             The game lasted 00:12:00 (5142 turns).

jfcaron the Skirmisher (Gnoll Hunter)               Turns: 5142, Time: 00:12:01

Health: -5/56      AC:  8    Str: 13      XL:     7   Next: 16%
Magic:  10/10      EV:  4    Int:  6 (8)  God:
Gold:   126        SH:  0    Dex: 12 (15) Spells: 10/10 levels left

rFire   . . .      SeeInvis .   a - +0 shortbow
rCold   . . .      Faith    .   (shield currently unavailable)
rNeg    . . .      Spirit   .   n - +0 plate armour
rPois   +          Reflect  .   c - +0 helmet
rElec   .          Harm     .   (no cloak)
rCorr   .          Rampage  .   (no gloves)
Will    .....                   (no boots)
Stlth   ..........              (no amulet)
HPRegen 0.18/turn               l - ring of poison resistance
MPRegen 0.12/turn               (no ring)

@: corroded
A: fangs 1, strong nose, distributed training
a: no special abilities


You were on level 3 of the Dungeon.
You visited 1 branch of the dungeon, and saw 4 of its levels.
You also visited: Sewer.

You collected 252 gold pieces.
You spent 126 gold pieces at shops.

Inventory:

Hand Weapons
 a - a +0 shortbow (weapon)
 h - a +0 dagger
 u - a +1 short sword of draining
Missiles
 d - 8 poisoned darts
 g - 47 stones
Armour
 c - a +0 helmet (worn)
 n - a +0 plate armour (worn)
Jewellery
 l - a ring of poison resistance (left hand)
Scrolls
 b - a scroll of immolation
 f - 2 scrolls of enchant weapon
 i - 3 scrolls of teleportation
 k - a scroll of magic mapping
 m - 2 scrolls of fog
 o - a scroll of torment
 q - a scroll of blinking {unknown}
Potions
 e - 3 potions of haste
 j - a potion of mutation {unknown}
 p - a potion of heal wounds {unknown}
 r - 2 potions of brilliance {unknown}
 s - a potion of might {unknown}
 t - a potion of flight {unknown}
 v - 3 potions of curing


   Skills:
 + Level 5.2 Fighting
 + Level 2.4 Short Blades
 + Level 2.4 Long Blades
 + Level 2.4 Axes
 + Level 2.4 Maces & Flails
 + Level 2.4 Polearms
 + Level 2.4 Staves
 + Level 8.9 Ranged Weapons
 + Level 2.4 Throwing
 + Level 2.4 Armour
 + Level 5.2 Dodging
 + Level 3.4 Stealth
 + Level 2.4 Shields
 + Level 2.4 Unarmed Combat
 + Level 2.4 Spellcasting
 + Level 2.0 Conjurations
 + Level 2.0 Hexes
 + Level 2.0 Summonings
 + Level 2.0 Necromancy
 + Level 2.0 Translocations
 + Level 2.0 Transmutations
 + Level 2.0 Fire Magic
 + Level 2.0 Ice Magic
 + Level 2.0 Air Magic
 + Level 2.0 Earth Magic
 + Level 2.0 Poison Magic
 + Level 2.6 Invocations
 + Level 2.4 Evocations


You had 10 spell levels left.
You didn't know any spells.
Your spell library was empty.

Dungeon Overview and Level Annotations

Branches:
Dungeon (4/15)              Sewer (visited)
 Temple: D:4-7

Altars:
Xom

Shops:
D:1 *   D:3 ?

Annotations:
D:3 1 runed translucent door, Crazy Yiuf


Innate Abilities, Weirdness & Mutations

You have very sharp teeth.
Your uncanny sense of smell can sniff out nearby items.
Your experience applies equally to all skills.


Message History

A jelly comes into view.
Found a shimmering altar of Xom.
The orc attacks as you move away! The orc hits you with a +0 short sword.
The orc priest hits you but does no damage.
The orc attacks as you move away! The orc hits you but does no damage.
The orc attacks as you move away! The orc hits you but does no damage.
The jelly hits you but does no damage. The orc attacks as you move away!
The orc hits you with a +0 dagger. The jelly attacks as you move away!
The jelly hits you.
You are splashed with acid!
The orc attacks as you move away! The orc barely misses you.
There is a stone staircase leading up here.
The orc hits you but does no damage. The orc barely misses you.
The jelly hits you but does no damage.
You climb upwards.
Level annotation: 1 runed translucent door, Crazy Yiuf Reactivating autopickup.
There is a stone staircase leading down here.
Unknown command.
The jelly hits you.
You are splashed with acid!
The orc throws a boomerang.
The boomerang hits you but does no damage.
The jelly attacks as you move away! The jelly hits you.
You are splashed with acid.
* * * LOW HITPOINT WARNING * * *
The orc attacks as you move away! The orc completely misses you.
You are too injured to fight recklessly!
Unknown command.
Fire: a) +0 shortbow
Press: ? - help, Q - select action, (/) - cycle Shift-Dir - straight line, f - jelly
Aim: a jelly (90% to hit)
You shoot an arrow. The arrow hits the jelly!
The jelly is moderately wounded.
The jelly hits you.
* * * LOW HITPOINT WARNING * * *
The acid corrodes you!
You are splashed with acid!
* * * LOW HITPOINT WARNING * * *
The jelly hits you.
* * * LOW HITPOINT WARNING * * *
The acid corrodes you!
You are splashed with acid!
You die...

##.⌠...⌠...#.....#####.
##.^.........>#...######
#.⌠...>...⌠.####......##
##..........# #.##.#...
##.⌠...⌠.#<# #.##.####
##.....#..####.##..##
##..o........>.....##
###J#..............#
#@#..[............
####.#...............
##....#...............
#...#.................
##.....................
#..##..#...............
#.###..#.#.....#.......
#.##...#.#####...<.#...
#.##..##.# ##...#......


You could see a jelly and an orc.

Vanquished Creatures
  Sigmund (D:3)
  A jelly (D:3)
  Terence (D:3)
  3 orc wizards (D:3)
  4 adders
  6 river rats
  3 worms (D:2)
  4 dart slugs
  An orc (D:3)
  8 ball pythons
  6 endoplasms
  3 giant cockroaches
  4 goblins
  8 hobgoblins
  4 jackals (D:3)
  22 kobolds
  5 quokkas
  3 bats
  4 frilled lizards
  20 rats
111 creatures vanquished.

Notes
Turn   | Place    | Note
-------+----------+-------------------------------------------
     0 | D:1      | jfcaron the Gnoll Hunter began the quest for the Orb.
     0 | D:1      | Reached XP level 1. HP: 20/20 MP: 1/1
    83 | D:1      | Found Fuovifom's General Store.
   425 | D:1      | Reached XP level 2. HP: 26/26 MP: 2/2
   542 | D:1      | Bought a potion of curing for 42 gold pieces
   782 | D:1      | You fall into a shaft and drop 1 floor!
   944 | D:1      | Found a faded altar of an unknown god.
  1243 | D:2      | Found a shimmering altar of Xom.
  1287 | D:2      | Reached XP level 3. HP: 31/31 MP: 3/3
  1461 | D:2      | Reached skill level 1 in Invocations
  1775 | D:2      | Reached skill level 1 in Short Blades
  1775 | D:2      | Reached skill level 1 in Long Blades
  1775 | D:2      | Reached skill level 1 in Axes
  1775 | D:2      | Reached skill level 1 in Maces & Flails
  1775 | D:2      | Reached skill level 1 in Polearms
  1775 | D:2      | Reached skill level 1 in Staves
  1775 | D:2      | Reached skill level 1 in Throwing
  1775 | D:2      | Reached skill level 1 in Armour
  1775 | D:2      | Reached skill level 1 in Shields
  1775 | D:2      | Reached skill level 1 in Unarmed Combat
  1775 | D:2      | Reached skill level 1 in Spellcasting
  1775 | D:2      | Reached skill level 1 in Evocations
  2022 | D:1      | Bought a scroll of identify for 28 gold pieces
  2022 | D:1      | Bought a scroll of fog for 56 gold pieces
  2067 | D:3      | Noticed Sigmund
  2075 | D:3      | Killed Sigmund
  2076 | D:3      | Reached skill level 1 in Conjurations
  2076 | D:3      | Reached skill level 1 in Hexes
  2076 | D:3      | Reached skill level 1 in Summonings
  2076 | D:3      | Reached skill level 1 in Necromancy
  2076 | D:3      | Reached skill level 1 in Translocations
  2076 | D:3      | Reached skill level 1 in Transmutations
  2076 | D:3      | Reached skill level 1 in Fire Magic
  2076 | D:3      | Reached skill level 1 in Ice Magic
  2076 | D:3      | Reached skill level 1 in Air Magic
  2076 | D:3      | Reached skill level 1 in Earth Magic
  2076 | D:3      | Reached skill level 1 in Poison Magic
  2076 | D:3      | Reached XP level 4. HP: 29/38 MP: 4/6
  2076 | D:3      | Reached XP level 5. HP: 33/43 MP: 4/7
  2147 | D:3      | Found Hecom's Magic Scroll Emporium.
  2193 | D:3      | Noticed Terence
  2220 | D:3      | Found a glowing drain.
  2231 | Sewer    | Entered a sewer
  2401 | Sewer    | Reached XP level 6. HP: 33/50 MP: 8/8
  2899 | Sewer    | Reached skill level 5 in Fighting
  2899 | Sewer    | Reached skill level 5 in Dodging
  2907 | Sewer    | HP: 10/51 [river rat (7)]
  4345 | D:3      | Killed Terence
  4527 | D:3      | Reached XP level 7. HP: 43/56 MP: 10/10
  4673 | D:3      | Found a runed translucent door.
  4674 | D:3      | Noticed Crazy Yiuf
  5127 | D:4      | Found a shimmering altar of Xom.
  5142 | D:3      | HP: 6/56 [acid (8)]
  5142 | D:3      | Splashed by a jelly's acid

Illustrated notes

Levels and vault maps discovered:
D:1:      lightli_arrival_statuegarden, layout_basic,
          dilly_ecumenical_altar_fadedgnrine, serial_shops, shop,
          nicolae_hexahallways, kennysheep_flooded_box
D:2:      layout_basic, basic_altar
D:3:      layout_rooms, serial_shops, shop_statue, gup_sewer_entry_bowl,
          chequers_serial_rivers_room_b, corexii_hall_statues_i,
          grunt_ministairs_2, uniq_terence, uniq_crazy_yiuf_cottage,
          uniq_sigmund
D:4:      layout_gridville, kennysheep_mini, minmay_temple_entry_junction,
          minmay_ruined_shrine

Skill      XL: |  1  2  3  4  5  6  7 |
---------------+----------------------+-----
Invocations    | 2 |  2.6
Short Blades   | 1 2 |  2.4
Long Blades    | 1 2 |  2.4
Axes           | 1 2 |  2.4
Maces & Flails | 1 2 |  2.4
Polearms       | 1 2 |  2.4
Staves         | 1 2 |  2.4
Throwing       | 1 2 |  2.4
Armour         | 1 2 |  2.4
Shields        | 1 2 |  2.4
Unarmed Combat | 1 2 |  2.4
Spellcasting   | 1 2 |  2.4
Evocations     | 1 2 |  2.4
Conjurations   | 1 2 |  2.0
Hexes          | 1 2 |  2.0
Summonings     | 1 2 |  2.0
Necromancy     | 1 2 |  2.0
Translocations | 1 2 |  2.0
Transmutations | 1 2 |  2.0
Fire Magic     | 1 2 |  2.0
Ice Magic      | 1 2 |  2.0
Air Magic      | 1 2 |  2.0
Earth Magic    | 1 2 |  2.0
Poison Magic   | 1 2 |  2.0
Stealth        | 3 |  3.4
Fighting       | 5 |  5.2
Dodging        | 5 |  5.2
Ranged Weapons | |  8.9

Action                   |  1- 3 |  4- 6 |  7- 9 || total
-------------------------+-------+-------+-------++-------
Melee: Hand axe          |     2 |       |       ||     2
 Fire: Shortbow          |    94 |   240 |    37 ||   371
Throw: Dart              |       |     4 |       ||     4
  Use: Scroll            |     4 |     4 |       ||     8
       Potion            |     2 |     2 |       ||     4
Armor: Leather armour    |     4 |       |       ||     4
       Plate armour      |    10 |   297 |    44 ||   351
Dodge: Dodged            |    15 |    61 |     7 ||    83

Table legend: (Time is in decaauts)
 A = Elapsed time spent in this place.
 B = Non-inter-level travel time spent in this place.
 C = Inter-level travel time spent in this place.
 D = Time resting spent in this place.
 E = Time spent auto-exploring this place.
 F = Levels seen in this place.
 G = Mean time per level.
                   A        B        C        D        E       F      G
               +--------+--------+--------+--------+--------+-----+--------+
         Total |   5431 |   5099 |    332 |   1091 |   2862 |   5 | 1086.2 |
       Dungeon |   3439 |   3107 |    332 |     20 |   2364 |   4 |  859.8 |
         Sewer |   1991 |   1991 |      0 |   1070 |    498 |   1 | 1991.0 |
               +--------+--------+--------+--------+--------+-----+--------+

Top non-repeatable levels by time:
   Sewer: 1991 daAuts
     D:3: 1218 daAuts
     D:1: 1197 daAuts
     D:2: 944 daAuts
     D:4: 78 daAuts
